Map: Amygdala

Players

LiquidClem (Clem) - Winner!

  • Race: Terran Terran
  • League: Grandmaster
  • Spawn Location: 7:00

Serral

  • Race: Zerg Zerg
  • League: Master
  • Spawn Location: 1:00

VOD

Have the link to the VOD?

Description

Time

  • Played on: Jan. 25, 2025, 7:36 a.m.
  • Length: 9:32
Show
View Real Time Build Order
Export as new Build Order

LiquidClem Terran - Winner!

Build Orders: Reaper Expand 

Get SALT Encoding   

  12  0:00  SCV  
  13  0:12  SCV  
  14  0:16  Supply Depot  
  14  0:24  SCV  
  15  0:38  SCV  
  15  0:39  Barracks  
  16  0:42  Refinery  
  16  0:50  SCV  
  17  1:02  SCV  
  18  1:14  SCV  
  19  1:27  Reaper, Orbital Command  
  20  1:38  Command Center  
  20  1:45  Supply Depot  
  20  1:53  SCV  
  21  1:59  Marine  
  22  2:05  SCV  
  23  2:09  Factory  
  23  2:17  SCV  
  23  2:20  Barracks Reactor  
  24  2:29  SCV  
  25  2:37  Command Center  
  25  2:41  SCV  
  26  2:50  Orbital Command  
  26  2:54  SCV  
  27  3:01  Barracks  
  27  3:02  Barracks Tech Lab  
  27  3:06  SCV  
  27  3:07  Hellion  
  30  3:13  Hellion  
  30  3:16  SCV  
  30  3:18  SCV  
  34  3:21  Refinery  
  34  3:22  Marine  
  34  3:27  Stimpack  
  35  3:29  SCV  
  35  3:30  SCV  
  37  3:40  Marine  
  37  3:41  SCV  
  39  3:42  SCV  
  40  3:49  Orbital Command  
  40  3:52  Starport  
  40  3:53  SCV, Factory Reactor  
  40  3:54  SCV  
  42  3:56  Marine x2  
  42  3:59  Marine  
  45  4:05  SCV  
  45  4:06  SCV  
  45  4:07  Supply Depot  
  47  4:14  Marine x2  
  47  4:15  SCV  
  50  4:17  SCV, Marine  
  50  4:18  SCV  
  53  4:27  SCV  
  53  4:29  SCV  
  53  4:30  SCV  
  56  4:31  Supply Depot  
  56  4:33  Marine x2  
  56  4:34  Refinery, Medivac  
  56  4:35  Medivac, Factory Tech Lab  
  56  4:36  Marine  
  63  4:41  SCV  
  63  4:42  Barracks  
  63  4:45  Refinery, SCV  
  65  4:46  Orbital Command  
  65  4:49  Engineering Bay  
  65  4:51  Marine  
  65  4:52  Engineering Bay  
  66  4:53  SCV  
  66  4:55  Supply Depot  
  66  4:57  SCV  
  66  4:58  Marine  
  68  5:00  Marine  
  68  5:05  SCV  
  70  5:09  Marine, SCV  
  72  5:14  Starport Reactor  
  72  5:15  SCV  
  72  5:17  Terran Infantry Weapons Level 1  
  72  5:18  Supply Depot, SCV, Terran Infantry Armor Level 1  
  72  5:20  Supply Depot  
  74  5:21  SCV  
  74  5:22  Marine  
  74  5:27  Marine, SCV  
  78  5:32  Combat Shield, Marine  
  78  5:33  SCV  
  80  5:38  Barracks, SCV  
  80  5:39  Barracks, SCV  
  80  5:40  Supply Depot  
  80  5:41  Marine  
  80  5:42  Marine  
  84  5:43  Marine  
  84  5:45  Marine  
  84  5:48  Siege Tank  
  88  5:52  Supply Depot, SCV  
  88  5:54  SCV  
  88  5:55  Marine  
  91  5:58  Medivac  
  91  5:59  Medivac  
  91  6:00  SCV  
  91  6:01  Marine  
  91  6:02  Marine  
  98  6:04  Marine  
  98  6:05  Marine  
  98  6:08  SCV  
  98  6:09  Supply Depot, SCV  
  102  6:14  Armory  
  102  6:21  Barracks  
  102  6:22  Barracks  
  102  6:23  Barracks  
  102  6:26  Siege Tank  
  102  6:27  SCV  
  102  6:29  SCV x2  
  108  6:34  Barracks Reactor x2  
  108  6:36  Supply Depot, Marine  
  108  6:38  Marine  
  110  6:41  Marine x3  
  110  6:46  Medivac  
  115  6:48  Medivac  
  115  6:50  Supply Depot  
  115  6:53  Marine  
  118  6:56  Marine  
  118  6:58  Marine  
  118  6:59  Marine x2  
  118  7:01  Supply Depot  
  122  7:09  Marine  
  122  7:10  Marine x6  
  122  7:11  Supply Depot, Marine  
  122  7:12  Supply Depot  
  122  7:14  Marine  
  131  7:16  Marine x2, Medivac  
  131  7:21  Marine  
  128  7:27  Marine  
  128  7:28  Marine x6  
  128  7:29  Medivac  
  137  7:30  Marine  
  137  7:32  Marine  
  137  7:34  Marine  
  137  7:35  SCV x2  
  124  7:37  SCV  
  124  7:41  Marine  
  124  7:42  Marine  
  125  7:45  Marine  
  125  7:47  SCV x2, Medivac  
  125  7:48  Marine  
  125  7:49  SCV, Marine  
  133  7:51  Marine  
  133  7:53  Marine x2  
  133  7:56  Marine  
  133  7:58  Marine x2  
  137  8:01  Marine x2, Medivac  
  137  8:05  Marine, Widow Mine  
  139  8:07  Marine x2  
  139  8:10  SCV x2  
  139  8:11  SCV  
  143  8:13  Marine  
  143  8:15  Marine  
  143  8:17  Marine  
  140  8:22  Marine, SCV  
  140  8:23  SCV  
  140  8:25  Marine  
  140  8:26  Marine  
  140  8:27  Marine x5  
  124  8:28  SCV  
  124  8:32  Medivac  
  129  8:34  SCV  
  129  8:35  SCV  
  129  8:39  Marine  
  129  8:40  SCV  
  133  8:42  Marine  
  133  8:43  Marine x3  
  133  8:44  Siege Tank  
  133  8:45  Liberator  
  133  8:46  Marine x2  
  133  8:47  Marine  
  133  8:48  Marine x2  
  147  8:53  Marine  
  147  8:54  Marine  
  150  8:56  Marine  
  150  9:00  Marine x2  
  155  9:03  Marine  
  156  9:10  Marine x5  
  156  9:14  Marine  
Show
View Real Time Build Order
Export as new Build Order

Serral Zerg 

Build Orders: Hatch First 

Get SALT Encoding   

  12  0:00  Drone  
  13  0:08  Drone  
  14  0:14  Extractor, Drone  
  15  0:21  Overlord  
  15  0:39  Drone  
  16  0:44  Hatchery  
  16  0:48  Drone  
  16  0:52  Drone  
  16  0:56  Drone  
  18  1:06  Extractor  
  18  1:10  Spawning Pool  
  16  1:14  Drone  
  16  1:17  Drone  
  18  1:26  Drone  
  19  1:37  Drone  
  20  1:47  Overlord  
  20  1:56  Queen x2  
  20  1:59  Zergling x4  
  26  2:06  Drone  
  27  2:09  Drone  
  27  2:10  Metabolic Boost  
  28  2:17  Drone  
  28  2:20  Drone  
  30  2:32  Drone x2, Queen  
  34  2:41  Overlord  
  34  2:42  Drone  
  35  2:51  Hatchery  
  34  2:53  Drone  
  35  3:01  Overlord  
  36  3:05  Drone x4  
  36  3:10  Drone x2  
  36  3:11  Drone  
  42  3:13  Drone  
  43  3:20  Queen  
  43  3:26  Queen  
  47  3:30  Overlord  
  47  3:32  Zergling x2  
  48  3:35  Drone x2  
  48  3:39  Zergling x2  
  48  3:40  Drone  
  51  3:44  Overlord  
  51  3:49  Drone  
  51  3:50  Drone x4  
  57  3:55  Zergling x2  
  57  4:00  Drone  
  57  4:02  Queen  
  58  4:05  Queen  
  58  4:07  Zergling x2  
  58  4:09  Drone x2  
  65  4:11  Drone  
  65  4:14  Zergling x2  
  65  4:15  Drone x2  
  65  4:16  Drone  
  70  4:24  Drone  
  70  4:25  Drone  
  70  4:29  Drone  
  70  4:30  Overlord, Drone  
  74  4:33  Lair  
  74  4:35  Extractor  
  74  4:37  Baneling Nest  
  72  4:39  Drone x2  
  74  4:48  Queen  
  74  4:49  Overlord  
  76  4:53  Drone x5  
  76  4:55  Hatchery, Drone x2  
  82  5:05  Overlord  
  82  5:07  Overlord, Extractor, Queen  
  82  5:09  Extractor  
  82  5:10  Zergling x8  
  86  5:15  Drone x3  
  86  5:16  Drone  
  86  5:19  Overlord  
  86  5:20  Overlord  
  90  5:23  Overlord  
  90  5:25  Zergling x2  
  90  5:26  Zergling x2  
  90  5:27  Overlord  
  92  5:31  Drone x3  
  92  5:34  Centrifugal Hooks  
  94  5:37  Overlord  
  94  5:38  Zergling x4  
  94  5:42  Queen, Evolution Chamber  
  96  5:43  Drone x2  
  96  5:45  Evolution Chamber  
  96  5:47  Drone  
  97  5:50  Drone  
  97  5:52  Drone  
  99  6:01  Drone x4  
  102  6:04  Overlord  
  102  6:07  Zergling x16  
  102  6:08  Spore Crawler  
  109  6:11  Zerg Melee Weapons Level 1  
  109  6:12  Zerg Ground Armor Level 1  
  109  6:15  Overlord  
  109  6:20  Drone, Baneling x7  
  109  6:21  Zergling x4  
  109  6:23  Queen  
  114  6:25  Drone  
  114  6:26  Zergling x2  
  114  6:27  Pneumatized Carapace  
  114  6:28  Overlord  
  116  6:35  Baneling x7  
  116  6:38  Zergling x6  
  119  6:44  Zergling x14  
  126  6:53  Zergling x12  
  132  6:56  Hatchery  
  132  7:00  Overlord  
  132  7:01  Drone  
  132  7:02  Zergling x2  
  132  7:07  Queen  
  132  7:08  Zergling x2  
  132  7:09  Zergling x4  
  132  7:12  Overlord  
  133  7:18  Zergling x2  
  133  7:19  Zergling x18  
  130  7:25  Queen x2  
  130  7:26  Queen  
  128  7:30  Zergling x10  
  128  7:36  Zergling x8  
  128  7:41  Zergling x2  
  128  7:42  Zergling x2  
  128  7:43  Baneling x8  
  118  7:46  Zergling x6  
  120  7:53  Zergling x2  
  120  7:54  Zergling x6  
  120  7:55  Spawning Pool  
  120  8:04  Overlord  
  116  8:09  Drone x4  
  120  8:14  Drone x4, Baneling x9  
  120  8:15  Drone  
  102  8:38  Baneling x4  
  100  8:42  Zergling x2  
  100  8:43  Zergling x36  
  119  8:50  Overseer, Baneling x3  
  119  8:53  Drone x3  
  122  8:56  Baneling x7  
  122  9:02  Zergling x12  
  122  9:07  Overlord  
  121  9:13  Zergling x22  
Tags
 
Add a new tag
Caveats
  • Supply blocks, unpowered buildings, or Contaminate may cause inaccurate times.
  • Supply counts are checked every 10 seconds.